 Dungeon Crawl Stone Soup version 0.23.1 (webtiles) character file.

Game seed: 17438277063561848009

357 Borgoz the Cutter (level 6, -10/45 HPs)
             Began as a Ghoul Enchanter on Mar 14, 2019.
             Was an Initiate of Ashenzari.
             Killed by divine providence
             ... invoked by an orc priest
              (11 damage)
             ... on level 4 of the Dungeon.
             The game lasted 00:08:29 (3607 turns).

Borgoz the Cutter (Ghoul Enchanter)                 Turns: 3607, Time: 00:08:30

Health: -10/45     AC: 15    Str: 12    XL:     6   Next: 64%
Magic:  2/7        EV: 11    Int: 10    God:    Ashenzari [......]
Gold:   193        SH:  0    Dex: 11    Spells: 2/8 levels left

rFire    . . .     SeeInvis .   e - +2 dagger
rCold    + . .     Gourm    .   (no shield)
rNeg     + + +     Faith    .   h - +5 ring mail
rPois    ∞         Spirit   .   (no helmet)
rElec    .         Reflect  .   (no cloak)
rCorr    .         Harm     .   a - +2 pair of gloves
MR       .....                  q - +0 pair of boots
Stlth    ++........             (no amulet)
HPRegen  0.00/turn              f - ring of wizardry (curse)
MPRegen  0.10/turn              (no ring)

@: rotting
A: rotting body, claws 1, carnivore, cold resistance 1, negative energy
resistance 3, inhibited regeneration, torment resistance, unbreathing
a: Curse Item, Renounce Religion


You were on level 4 of the Dungeon.
You worshipped Ashenzari.
Ashenzari was noncommittal.
You were not hungry.

You visited 2 branches of the dungeon, and saw 6 of its levels.

You collected 193 gold pieces.

Inventory:

Hand Weapons
 b - a +0 rapier
 e - a +2 dagger (weapon)
Missiles
 i - 2 throwing nets (quivered)
Armour
 a - a +2 pair of gloves (worn)
 h - a +5 ring mail (worn)
 q - a +0 pair of boots (worn)
Jewellery
 f - a cursed ring of wizardry (left hand)
Wands
 s - a wand of random effects (16)
 t - a wand of polymorph (4)
Scrolls
 c - 2 scrolls of identify
 j - a scroll of remove curse
 n - a scroll of enchant armour
 o - 2 scrolls of magic mapping
Potions
 m - a potion of brilliance
Comestibles
 d - 7 rations


   Skills:
 * Level 3.8 Short Blades
 + Level 3.3 Armour
 * Level 3.3 Dodging
 - Level 3.2 Stealth
 - Level 1.7 Spellcasting
 - Level 2.4 Hexes


You had 2 spell levels left.
You knew the following spells:

 Your Spells              Type           Power        Failure   Level  Hunger
a - Corona                Hex            #......      11%         1    ##.....
b - Ensorcelled Hibernat  Hex/Ice        #.....       26%         2    ###....
c - Confuse               Hex            #.......     28%         3    ####...

Your spell library contained the following spells:

 Spells                   Type           Power        Failure   Level  Hunger
 Tukima's Dance           Hex            #.......     28%         3    ####...
 Dazzling Spray           Conj/Hex       #.....       43%         3    ####...


Dungeon Overview and Level Annotations

Branches:
Dungeon (5/15)             Temple (1/1) D:5

Altars:
Ashenzari
Dithmenos
Fedhas
Gozag
Hepliaklqana
Makhleb
Nemelex Xobeh
Okawaru
Qazlal
Ru
Trog
Uskayaw
Vehumet
Xom
Yredelemnul
Zin

Annotations:
D:3 Natasha
D:4 Robin
D:5 Sigmund


Innate Abilities, Weirdness & Mutations

Your body is rotting away.
You thrive on raw meat.
You are immune to poison.
You have sharp fingernails.
You are carnivorous and can eat meat at any time.
Your flesh is cold resistant. (rC+)
You are immune to negative energy. (rN+++)
You do not regenerate when monsters are visible.
You are immune to unholy pain and torment.
You can survive without breathing.


Message History

The orc priest is almost dead.
The orc priest hits you but does no damage.
Okay, then.
You hit the orc priest but do no damage.
The orc priest is almost dead.
You hit the orc priest but do no damage.
The orc priest is almost dead.
The orc priest calls down the wrath of Beogh upon you.
Beogh smites you!
* * * LOW HITPOINT WARNING * * *
Okay, then.
Okay, then.
Okay, then.
You hit the orc priest but do no damage.
The orc priest is almost dead.
The orc wizard casts a spell.
The orc wizard blinks!
The orc priest calls down the wrath of Beogh upon you.
Beogh smites you!
You die...

......... #####.### #.#.# . #
####.#.# ### #. # ......# #.. ..
##### ##...## #.# #. ....#
##.....## #.# #. #.#.#
##.......## ..#####.# #.
....###.........####.........###.
......'.........@o§..............
....###.........####o....###.###.
#.#.# ##.......## ##.# #.# #.
###.# ##.....## #### #.# #.# #.
.... ##...... >.##.##.###.# #.
#..#. ##+#.####.##...)....# #.
#.##.# #.#.# #.#####.##### #.
##.##.# #.#.####.#####.# #.
......#####.#............# #.


You could see an orc priest and an orc wizard.

Vanquished Creatures
  Menkaure (D:5)
  A sky beast (D:5)
  A hound (D:4)
  A worker ant zombie (D:3)
  6 adders
  An ooze (D:1)
  A dart slug (D:1)
  A leopard gecko (D:4)
  An orc (D:4)
  3 bats
  2 giant cockroaches
  8 goblins
  6 hobgoblins
  6 jackals
  4 kobolds
  2 ball pythons (D:1)
  3 frilled lizards
  A jackal skeleton (D:5)
  2 rats
51 creatures vanquished.

Notes
Turn   | Place    | Note
-------+----------+-------------------------------------------
     0 | D:1      | Borgoz the Ghoul Enchanter began the quest for the Orb.
     0 | D:1      | Reached XP level 1. HP: 14/14 MP: 2/2
    97 | D:1      | Reached skill level 1 in Short Blades
   147 | D:1      | Reached XP level 2. HP: 2/20 MP: 3/3
   157 | D:1      | Learned a level 2 spell: Ensorcelled Hibernation
   250 | D:1      | Reached skill level 1 in Armour
   743 | D:1      | Reached XP level 3. HP: 8/26 MP: 0/4
  2214 | D:2      | Reached XP level 4. HP: 27/31 MP: 5/5
  2411 | D:3      | Noticed Natasha
  2423 | D:4      | Noticed Robin
  2546 | D:3      | Learned a level 3 spell: Confuse
  2802 | D:4      | Reached XP level 5. HP: 20/38 MP: 3/6
  2811 | D:5      | Entered Level 5 of the Dungeon
  3005 | D:5      | Noticed Menkaure
  3017 | D:5      | Killed Menkaure
  3017 | D:5      | Reached XP level 6. HP: 35/45 MP: 3/7
  3059 | D:5      | Found a staircase to the Ecumenical Temple.
  3066 | Temple   | Entered the Ecumenical Temple
  3242 | Temple   | Became a worshipper of Ashenzari the Shackled
  3265 | D:5      | Noticed a sky beast
  3291 | D:5      | Killed a sky beast
  3357 | D:5      | Noticed Sigmund
  3399 | D:5      | Noticed a phantom
  3520 | D:4      | Noticed a phantom
  3606 | D:4      | HP: 1/45 [orc priest/divine providence (12)]
  3607 | D:4      | Killed from afar by an orc priest

Skill      XL: |  1  2  3  4  5  6 |
---------------+-------------------+-----
Short Blades   | 1 2 3 |  3.8
Armour         | 1 2 3 |  3.3
Dodging        | 2 3 |  3.3
Stealth        | |  3.2
Spellcasting   | |  1.7
Hexes          | |  2.4

Action                   |  1- 3 |  4- 6 || total
-------------------------+-------+-------++-------
Melee: Short sword       |   198 |     7 ||   205
       Dagger            |       |   137 ||   137
 Cast: Corona            |     8 |       ||     8
       Ensorcelled Hiber |     8 |     7 ||    15
       Confuse           |       |     3 ||     3
Invok: Curse Item        |       |     1 ||     1
  Use: Scroll            |     7 |     7 ||    14
       Potion            |       |     8 ||     8
 Stab: Sleeping          |     8 |     7 ||    15
       Confused          |       |     2 ||     2
  Eat: Chunk             |    17 |     7 ||    24
Armor: Robe              |    11 |       ||    11
       Ring mail         |    66 |    75 ||   141
Dodge: Dodged            |    96 |    60 ||   156
